[Event "IND-ch Women 2019"]
[Site "Karaikkudi"]
[Date "2019.07.22"]
[Round "6.8"]
[White "Swati Ghate"]
[Black "Ramaswamy, Aarthie"]
[Result "1-0"]
[ECO "B31"]
[WhiteElo "2192"]
[BlackElo "2020"]
[Annotator "NA"]
[PlyCount "59"]
[EventDate "2019.07.19"]
[EventType "swiss"]
[EventCountry "IND"]
[SourceTitle "playchess.com"]
[Source "ChessBase"]
[SourceQuality "1"]
[TimeControl "40/5400+30:1800+30"]

1. e4 c5 2. Nf3 Nc6 3. Bb5 g6 4. Bxc6 dxc6 5. d3 Bg7 6. h3 e5 7. O-O Ne7 8. Be3 b6 9. a3 $11 O-O 10. b4 cxb4 11. axb4 Qc7 12. Nc3 h6 13. Ra3 Be6 14. Qa1 Nc8 15. Re1 Qe7 16. d4 exd4 17. Bxd4 Bxd4 18. Nxd4 Qxb4 19. Nf5 Bxf5 20. exf5 Qd4 21. fxg6 fxg6 22. Qa2+ Kg7 23. Ne4 Qe5 24. Rd3 Ne7 25. Rd7 Rf7 26. Re3 Qf4 27. Rf3 Qc1+ 28. Kh2 Raf8 29. Qe6 Nf5 30. Qf6+ 1-0

[Event "IND-ch Women 2019"]
[Site "Karaikkudi"]
[Date "2019.07.22"]
[Round "6.9"]
[White "Priyanka Nutakki"]
[Black "Meenal Gupta"]
[Result "1-0"]
[ECO "E14"]
[WhiteElo "2293"]
[BlackElo "2004"]
[Annotator "NA"]
[PlyCount "59"]
[EventDate "2019.07.19"]
[EventType "swiss"]
[EventCountry "IND"]
[SourceTitle "playchess.com"]
[Source "ChessBase"]
[SourceQuality "1"]
[TimeControl "40/5400+30:1800+30"]

1. c4 c5 2. Nc3 b6 3. Nf3 Bb7 4. e3 Nf6 5. d4 e6 6. d5 exd5 7. cxd5 d6 8. e4 Nbd7 9. Bd3 a6 10. a4 g6 11. O-O Qc7 12. h3 Bg7 13. Bf4 O-O 14. Nd2 $14 Ne5 15. Be2 Ne8 16. Bh2 f5 17. f4 Nd7 18. exf5 Rxf5 19. Bg4 Rf8 20. Be6+ Kh8 21. Nde4 c4 22. f5 Nc5 23. fxg6 Nxe6 24. dxe6 Qc6 25. Qh5 h6 26. Rxf8+ Bxf8 27. Rf1 Bg7 28. Rf7 b5 29. Qf5 Nf6 30. Qxf6 1-0

[Event "IND-ch Women 2019"]
[Site "Karaikkudi"]
[Date "2019.07.22"]
[Round "6.10"]
[White "Mohota, Nisha"]
[Black "Bala Kannamma P"]
[Result "1/2-1/2"]
[ECO "A47"]
[WhiteElo "2221"]
[BlackElo "2051"]
[Annotator "NA"]
[PlyCount "61"]
[EventDate "2019.07.19"]
[EventType "swiss"]
[EventCountry "IND"]
[SourceTitle "playchess.com"]
[Source "ChessBase"]
[SourceQuality "1"]
[TimeControl "40/5400+30:1800+30"]

1. d4 Nf6 2. Nf3 b6 3. e3 Bb7 4. Bd3 g6 5. c4 Bg7 6. O-O O-O 7. d5 c6 8. e4 cxd5 9. cxd5 d6 10. Nc3 Nbd7 11. Re1 $11 Rc8 12. Bg5 a6 13. a4 Ng4 14. Rc1 Nge5 15. Nxe5 Nxe5 16. Bf1 Nd7 17. Qb3 Nc5 18. Qa3 h6 19. Bd2 a5 20. b4 axb4 21. Qxb4 Ba6 22. Re3 Bxf1 23. Kxf1 h5 24. Rb1 Ra8 25. Qxb6 Qxb6 26. Rxb6 Nxa4 27. Nxa4 Rxa4 28. Re1 Bf6 29. g3 Rc8 30. Rb4 Rxb4 31. Bxb4 1/2-1/2

[Event "IND-ch Women 2019"]
[Site "Karaikkudi"]
[Date "2019.07.22"]
[Round "6.11"]
[White "Bakshi, Rutuja"]
[Black "Priyanka, Kumari"]
[Result "1/2-1/2"]
[ECO "E62"]
[WhiteElo "1958"]
[BlackElo "1991"]
[Annotator "NA"]
[PlyCount "61"]
[EventDate "2019.07.19"]
[EventType "swiss"]
[EventCountry "IND"]
[SourceTitle "playchess.com"]
[Source "ChessBase"]
[SourceQuality "1"]
[TimeControl "40/5400+30:1800+30"]

1. d4 Nf6 2. Nf3 g6 3. g3 Bg7 4. Bg2 d6 5. O-O O-O 6. c4 Nc6 7. Nc3 Bg4 8. d5 Na5 9. Qd3 c5 10. h3 Bd7 11. e4 a6 12. Bd2 b5 13. b3 Rb8 14. Rae1 e5 15. dxe6 Bxe6 16. Nd5 Nxd5 17. cxd5 Bd7 18. Bf4 c4 19. Qc2 cxb3 20. axb3 Qb6 21. e5 Bf5 22. Qd1 dxe5 23. Bxe5 Bxe5 24. Nxe5 Rbc8 25. b4 Nc4 26. Nc6 Rce8 27. Qa1 Bd3 28. Rxe8 Rxe8 29. Re1 Rxe1+ 30. Qxe1 Qc7 31. Qe8+ 1/2-1/2

[Event "IND-ch Women 2019"]
[Site "Karaikkudi"]
[Date "2019.07.22"]
[Round "6.12"]
[White "Sanskriti Goyal"]
[Black "Harshita Guddanti"]
[Result "0-1"]
[ECO "A01"]
[WhiteElo "1948"]
[BlackElo "2078"]
[Annotator "NA"]
[PlyCount "64"]
[EventDate "2019.07.19"]
[EventType "swiss"]
[EventCountry "IND"]
[SourceTitle "playchess.com"]
[Source "ChessBase"]
[SourceQuality "1"]
[TimeControl "40/5400+30:1800+30"]

1. b3 e5 2. Bb2 Nc6 3. c4 Nf6 4. e3 d5 5. cxd5 Nxd5 6. a3 Bd6 7. Qc2 O-O 8. Nf3 Qe7 9. d3 f5 10. Nbd2 Kh8 11. g3 f4 (11... e4 $5 12. dxe4 fxe4 13. Qxe4 Qxe4 14. Nxe4 Rxf3 15. Nxd6 Nxe3 16. fxe3 cxd6 $11) 12. gxf4 $1 exf4 13. e4 Ne3 $11 14. Qc3 Nxf1 15. Rxf1 Bd7 16. Rg1 Rg8 17. Kd1 b5 18. e5 b4 19. axb4 Bxb4 20. Qc4 Na5 21. Rxa5 Bxa5 22. Ng5 Raf8 23. Ndf3 Rf5 24. e6 Be8 25. h4 Bh5 26. Qe4 Qc5 27. Be5 Qxf2 28. b4 Qxg1+ 29. Kc2 Qg2+ 30. Kc3 Rxg5 31. Nxg5 Qxe4 32. dxe4 Bb6 0-1

[Event "IND-ch Women 2019"]
[Site "Karaikkudi"]
[Date "2019.07.22"]
[Round "6.14"]
[White "Mahalakshmi D M"]
[Black "Potluri Supreetha"]
[Result "1-0"]
[ECO "E91"]
[WhiteElo "2227"]
[BlackElo "1873"]
[Annotator "NA"]
[PlyCount "129"]
[EventDate "2019.07.19"]
[EventType "swiss"]
[EventCountry "IND"]
[SourceTitle "playchess.com"]
[Source "ChessBase"]
[SourceQuality "1"]
[TimeControl "40/5400+30:1800+30"]

1. d4 Nf6 2. c4 g6 3. Nc3 Bg7 4. e4 d6 5. Nf3 O-O 6. Be2 Bg4 7. h3 Bxf3 8. Bxf3 Nc6 9. d5 Na5 10. Be2 b6 11. O-O e5 (11... Nb7 $14) 12. Bg5 h6 13. Be3 Nd7 14. b4 Nb7 15. Qd2 Kh7 16. Rab1 $16 Qe7 17. Bd3 Nf6 18. a3 Nh5 19. Ne2 Rae8 20. Ng3 Qh4 21. Nxh5 Qxh5 22. c5 dxc5 23. bxc5 f5 24. f3 f4 25. Bf2 g5 26. Ba6 Nxc5 27. Bxc5 bxc5 28. Rb7 Qg6 29. Bc4 Qd6 30. Qa5 a6 31. Rxc7 Rc8 32. Rb7 Rf6 33. Rfb1 Qd8 34. Qxd8 Rxd8 35. Rc7 Kg6 36. Rbb7 Bf8 37. Ra7 Rdd6 38. Rxc5 Rb6 39. Ra5 Rb1+ 40. Kh2 Rc1 41. Rc7 Ra1 42. Bxa6 Rxa3 43. Bb5 h5 44. Be8+ Kh6 45. Rb5 g4 46. hxg4 hxg4 47. Rc6 g3+ 48. Kh3 Bd6 49. Kg4 Ra8 50. Rbb6 Rd8 51. Kh4 Kg7 52. Kg5 Rxe8 53. Rxd6 Rxd6 54. Rxd6 Ra8 55. Rd7+ Kf8 56. Kf6 Ke8 57. Rh7 Ra2 58. Ke6 Kf8 59. d6 Kg8 60. Rc7 Rxg2 61. Rc8+ Kg7 62. d7 Rd2 63. d8=Q Rxd8 64. Rxd8 g2 65. Rd1 1-0

[Event "IND-ch Women 2019"]
[Site "Karaikkudi"]
[Date "2019.07.22"]
[Round "6.15"]
[White "Chitlange Sakshi"]
[Black "Sunyuktha C M N"]
[Result "1/2-1/2"]
[ECO "D02"]
[WhiteElo "2168"]
[BlackElo "1815"]
[Annotator "NA"]
[PlyCount "89"]
[EventDate "2019.07.19"]
[EventType "swiss"]
[EventCountry "IND"]
[SourceTitle "playchess.com"]
[Source "ChessBase"]
[SourceQuality "1"]
[TimeControl "40/5400+30:1800+30"]

1. d4 d5 2. Bf4 Nf6 3. e3 e6 4. Nd2 c5 5. c3 Nc6 6. Ngf3 Bd6 7. Bg3 O-O 8. Bb5 $11 cxd4 9. Bxd6 Qxd6 10. cxd4 Bd7 11. O-O Rac8 12. a3 Rc7 13. Bd3 Rfc8 14. Nb3 e5 15. dxe5 Nxe5 16. Nbd4 Ne4 17. Nxe5 Qxe5 18. Qe2 Nc5 19. Rac1 Ne6 20. Rxc7 Rxc7 21. Nf3 Qf6 22. Qd2 b6 23. Bb1 Bb5 24. Rd1 Ba4 25. Re1 g6 26. h3 h5 27. Kh1 Kg7 28. Re2 Bb3 29. Re1 a5 30. Rc1 Rxc1+ 31. Qxc1 d4 32. e4 Qd8 33. Qd2 Qd6 34. Qd3 a4 35. Qd2 Qc5 36. Bd3 Bc4 37. Bc2 b5 38. Bb1 Bb3 39. Ne1 Bc4 40. f4 Qd6 41. f5 Nc5 42. Qb4 Qc7 43. Qd2 Qd6 44. Qb4 Qc7 45. Qd2 1/2-1/2

[Event "IND-ch Women 2019"]
[Site "Karaikkudi"]
[Date "2019.07.22"]
[Round "6.16"]
[White "Parnali, S Dharia"]
[Black "Sheena, E.."]
[Result "1-0"]
[ECO "E67"]
[WhiteElo "2145"]
[BlackElo "1763"]
[Annotator "NA"]
[PlyCount "69"]
[EventDate "2019.07.19"]
[EventType "swiss"]
[EventCountry "IND"]
[SourceTitle "playchess.com"]
[Source "ChessBase"]
[SourceQuality "1"]
[TimeControl "40/5400+30:1800+30"]

1. Nf3 Nf6 2. c4 g6 3. Nc3 Bg7 4. d4 d6 5. g3 O-O 6. Bg2 Nbd7 7. O-O Re8 8. h3 Nf8 9. e4 N6d7 10. Be3 e5 11. d5 h6 $16 12. b4 f5 13. Rc1 Nb6 14. Qd3 a5 15. a3 axb4 16. axb4 Ra3 17. Qe2 f4 18. Bxb6 cxb6 19. Nb5 Ra8 20. c5 bxc5 21. bxc5 dxc5 22. Rxc5 b6 23. Rc6 Bd7 24. Rc2 Bxb5 25. Qxb5 Nd7 26. Nh4 g5 27. Nf5 Nc5 28. Rb1 Rb8 29. Ra1 Rf8 30. Ra7 Rf7 31. Rca2 Rbb7 32. Ra8 Rb8 33. Qc6 Rfb7 34. Rxb8 Rxb8 35. Ra7 1-0

[Event "IND-ch Women 2019"]
[Site "Karaikkudi"]
[Date "2019.07.22"]
[Round "6.17"]
[White "Pandey Srishti"]
[Black "Varshini, V."]
[Result "1/2-1/2"]
[ECO "D36"]
[WhiteElo "1882"]
[BlackElo "2087"]
[Annotator "NA"]
[PlyCount "73"]
[EventDate "2019.07.19"]
[EventType "swiss"]
[EventCountry "IND"]
[SourceTitle "playchess.com"]
[Source "ChessBase"]
[SourceQuality "1"]
[TimeControl "40/5400+30:1800+30"]

1. d4 d5 2. c4 e6 3. Nc3 Nf6 4. Bg5 Be7 5. e3 O-O 6. cxd5 exd5 7. Bd3 Nbd7 8. Nf3 c6 9. Qc2 h6 10. Bh4 Re8 11. O-O Ne4 12. Bxe7 Qxe7 13. Bxe4 dxe4 14. Nd2 Nf6 15. Rab1 Nd5 $11 16. Nxd5 cxd5 17. Rbc1 Be6 18. Qc7 Qb4 19. Qc3 Qb5 20. Nb1 Rac8 21. Qd2 Qa6 22. a3 Qb5 23. Rxc8 Rxc8 24. Rc1 Rxc1+ 25. Qxc1 h5 26. h3 a5 27. Nc3 Qb3 28. Ne2 g5 29. Ng3 h4 30. Nh5 Qa4 31. Kh2 Kh7 32. Qc7 Kg6 33. g4 hxg3+ 34. Nxg3 Qd1 35. Qd8 Qf3 36. Qg8+ Kf6 37. Qd8+ {[%emt 0:01:30] Qd1 Qe8} 1/2-1/2

[Event "IND-ch Women 2019"]
[Site "Karaikkudi"]
[Date "2019.07.22"]
[Round "6.18"]
[White "Saranya, J."]
[Black "Boramanikar Tanisha S"]
[Result "1-0"]
[ECO "B33"]
[WhiteElo "2067"]
[BlackElo "1720"]
[Annotator "NA"]
[PlyCount "123"]
[EventDate "2019.07.19"]
[EventType "swiss"]
[EventCountry "IND"]
[SourceTitle "playchess.com"]
[Source "ChessBase"]
[SourceQuality "1"]
[TimeControl "40/5400+30:1800+30"]

1. e4 c5 2. Nf3 Nc6 3. d4 cxd4 4. Nxd4 Nf6 5. Nc3 e5 6. Ndb5 d6 7. Bg5 a6 8. Na3 b5 9. Nd5 Be7 10. Bxf6 Bxf6 11. c4 b4 12. Nc2 a5 13. g3 {[%emt 0:00:20] B33: Sicilian: Pelikan and Sveshnikov Variations} (13. Qf3 Be6 14. Rd1 Bxd5 15. cxd5 Na7 16. g3 Rc8 17. Ne3 O-O 18. h4 Rc5 19. Bd3 Nc8 20. O-O Qc7 {½-½ (31) Nakamura,H (2746)-Caruana,F (2828) Saint Louis 2019}) 13... Bg5 14. h4 Bh6 15. Bg2 O-O 16. O-O Rb8 17. b3 Be6 18. Qd3 Bxd5 $146 ({Predecessor:} 18... g6 19. Rad1 Bg7 20. Nde3 Qb6 {½-½ (34) Degtyarev,A (2370)-Moiseev,S (2436) ICCF email 2015}) 19. Qxd5 Qb6 20. Rfd1 Rfd8 21. Qd3 g6 22. h5 $11 Rb7 23. Bh3 Re7 24. Kg2 Nd4 25. Bg4 Ne6 26. Bxe6 fxe6 27. Rh1 Rf7 28. Raf1 Rdf8 29. Qe2 Bg5 30. hxg6 hxg6 31. Rh2 Qa7 32. f3 Rh7 33. Rxh7 Qxh7 34. a3 Rb8 35. axb4 axb4 36. f4 exf4 37. Qg4 Qh5 38. Qxe6+ Kg7 39. Qd7+ Kg8 40. g4 Qh4 41. Rf3 Rf8 42. Nxb4 Qe1 43. Nd3 Qxe4 44. Nf2 Qe5 45. Qc6 Bh4 46. Qe4 Bxf2 47. Qxg6+ Qg7 48. Qxg7+ Kxg7 49. Rxf2 Rb8 50. Rb2 Kf6 51. Kf3 Kg5 52. b4 Ra8 53. b5 Ra3+ 54. Ke4 Kxg4 55. b6 Ra8 56. b7 Rb8 57. Kd5 f3 58. Kc6 Kg3 59. Kc7 f2 60. Rxf2 Rxb7+ 61. Kxb7 Kxf2 62. Kc6 1-0

[Event "IND-ch Women 2019"]
[Site "Karaikkudi"]
[Date "2019.07.22"]
[Round "6.19"]
[White "Shriya R Revankar"]
[Black "Kiran, Manisha Mohanty"]
[Result "0-1"]
[ECO "B51"]
[WhiteElo "1627"]
[BlackElo "2054"]
[Annotator "NA"]
[PlyCount "56"]
[EventDate "2019.07.19"]
[EventType "swiss"]
[EventCountry "IND"]
[SourceTitle "playchess.com"]
[Source "ChessBase"]
[SourceQuality "1"]
[TimeControl "40/5400+30:1800+30"]

1. e4 c5 2. Nf3 d6 3. Bb5+ Nd7 4. d4 Ngf6 5. Nc3 cxd4 6. Qxd4 a6 7. Bxd7+ Bxd7 8. Bg5 e6 9. e5 dxe5 10. Nxe5 Bb5 $11 11. Qxd8+ Rxd8 12. Nxb5 axb5 13. Ng4 Nxg4 14. Bxd8 Kxd8 15. h3 Nf6 16. a4 b4 17. c4 Bc5 18. O-O-O+ Kc7 19. f3 Nd7 20. b3 Re8 21. Rhe1 e5 22. g4 Re6 23. Rd3 Bd4 24. Kc2 Nc5 25. Rdd1 Rf6 26. Rf1 Ne6 27. h4 h5 28. Rde1 Bc3 0-1

[Event "IND-ch Women 2019"]
[Site "Karaikkudi"]
[Date "2019.07.22"]
[Round "6.20"]
[White "Potluri Saye Srreezza"]
[Black "Sunyasakta, Satpathy"]
[Result "1-0"]
[ECO "E09"]
[WhiteElo "1999"]
[BlackElo "1801"]
[Annotator "NA"]
[PlyCount "63"]
[EventDate "2019.07.19"]
[EventType "swiss"]
[EventCountry "IND"]
[SourceTitle "playchess.com"]
[Source "ChessBase"]
[SourceQuality "1"]
[TimeControl "40/5400+30:1800+30"]

1. Nf3 Nf6 2. d4 d5 3. c4 e6 4. g3 c6 5. Bg2 Nbd7 6. O-O Be7 7. Nbd2 O-O 8. Qc2 b6 9. e4 Ba6 10. b3 Rc8 11. Bb2 c5 12. exd5 exd5 13. Qf5 dxc4 14. Nxc4 cxd4 15. Nxd4 Rc5 16. Qf3 Bxc4 17. bxc4 Qc7 18. Nf5 Ne5 19. Qe2 Ng6 20. Ne3 Re8 21. Rfe1 Qc8 22. h4 Qe6 23. Qf1 Qc8 24. Rad1 Qa6 25. Nd5 Nxd5 26. cxd5 Qxf1+ 27. Bxf1 Kf8 28. h5 Nh8 29. h6 gxh6 30. Bxh8 f6 31. d6 Bd8 32. Bg7+ 1-0

[Event "IND-ch Women 2019"]
[Site "Karaikkudi"]
[Date "2019.07.22"]
[Round "6.21"]
[White "Divyabharathi Masanam"]
[Black "Saranya, J."]
[Result "0-1"]
[ECO "B35"]
[WhiteElo "1730"]
[BlackElo "2067"]
[Annotator "NA"]
[PlyCount "94"]
[EventDate "2019.07.19"]
[EventType "swiss"]
[EventCountry "IND"]
[SourceTitle "playchess.com"]
[Source "ChessBase"]
[SourceQuality "1"]
[TimeControl "40/5400+30:1800+30"]

1. e4 c5 2. Nf3 Nc6 3. d4 cxd4 4. Nxd4 g6 5. Nc3 Bg7 6. Be3 Nf6 7. Bc4 Qa5 8. O-O O-O 9. h3 d6 $14 10. Bb3 Bd7 11. Qd3 a6 12. Rfd1 Rfc8 13. f4 Qh5 14. Nxc6 Bxc6 15. Nd5 Bxd5 16. exd5 Nd7 17. c3 Nc5 18. Bxc5 dxc5 19. Re1 b5 20. Qe4 Ra7 21. Kh2 Rd7 22. Rad1 c4 23. Bc2 Rcd8 24. g4 Qh4 25. Kg2 Bf8 26. Re2 e6 27. Red2 Bc5 28. Qf3 exd5 29. g5 Bb6 30. Qg3 Qxg3+ 31. Kxg3 Be3 32. Re2 d4 33. cxd4 Bxd4 34. Kf3 Bxb2 35. Rxd7 Rxd7 36. Re8+ Kg7 37. Ra8 Rd2 38. Be4 c3 39. Rxa6 c2 40. Bxc2 Rxc2 41. Rb6 Bc1 42. Rxb5 Rxa2 43. Rc5 Ra3+ 44. Kg4 Be3 45. Re5 Bf2 46. Re2 Rg3+ 47. Kh4 Rg2+ 0-1

[Event "IND-ch Women 2019"]
[Site "Karaikkudi"]
[Date "2019.07.23"]
[Round "7.1"]
[White "Kulkarni Bhakti"]
[Black "Soumya, Swaminathan"]
[Result "1-0"]
[ECO "D85"]
[WhiteElo "2388"]
[BlackElo "2402"]
[Annotator "ChessBase"]
[PlyCount "77"]
[EventDate "2019.07.19"]
[EventType "swiss"]
[EventCountry "IND"]
[SourceTitle "playchess.com"]
[Source "ChessBase"]
[SourceQuality "1"]
[TimeControl "40/5400+30:1800+30"]

1. d4 Nf6 2. c4 g6 3. Nc3 d5 4. cxd5 Nxd5 5. e4 Nxc3 6. bxc3 Bg7 7. Nf3 c5 8. Be3 Qa5 9. Nd2 cxd4 10. cxd4 O-O 11. Bc4 e6 12. O-O b5 13. Nb3 Qa4 14. Bd3 Nc6 15. Qe2 Rb8 16. e5 Ne7 17. Rfb1 b4 18. Nc5 Qc6 19. a3 a5 20. axb4 axb4 21. Be4 Qc7 22. Qc4 Bd7 23. Rxb4 Rxb4 24. Qxb4 Bc6 25. Na6 Ra8 26. Bxc6 Nxc6 27. Qc3 Qc8 28. Nc5 Ne7 29. Qb2 Rxa1+ 30. Qxa1 Nd5 31. Qc1 f6 32. Nd3 Qa6 33. Nc5 Qc6 34. exf6 Bxf6 35. Qb1 Kf7 36. Qe4 Qb6 37. h3 Nc3 38. Qf3 Ke7 39. Qxf6+ 1-0

[Event "IND-ch Women 2019"]
[Site "Karaikkudi"]
[Date "2019.07.23"]
[Round "7.2"]
[White "Pratyusha, Bodda"]
[Black "Vantika Agrawal"]
[Result "1/2-1/2"]
[ECO "E73"]
[WhiteElo "2265"]
[BlackElo "2243"]
[Annotator "ChessBase"]
[PlyCount "173"]
[EventDate "2019.07.19"]
[EventType "swiss"]
[EventCountry "IND"]
[SourceTitle "playchess.com"]
[Source "ChessBase"]
[SourceQuality "1"]
[TimeControl "40/5400+30:1800+30"]

1. d4 Nf6 2. c4 g6 3. Nc3 Bg7 4. e4 d6 5. Be2 O-O 6. Be3 Nbd7 7. g4 c5 8. g5 Ne8 9. h4 Nc7 10. d5 b5 11. cxb5 a6 12. a4 axb5 13. axb5 Rb8 14. h5 Nb6 15. f4 e6 16. dxe6 Bxe6 17. Kf2 Nc4 18. Bxc4 Bxc4 19. Qg4 Bxc3 20. bxc3 Nxb5 21. Nf3 Nxc3 22. Nd2 Rb2 23. hxg6 fxg6 24. Kg1 Ba2 25. Rc1 Rxd2 26. Rxc3 Rb2 27. Bc1 Rb7 28. f5 Qd7 29. Qg2 Qa4 30. Ra3 Qd4+ 31. Kh2 Bb1 32. Re1 Qe5+ 33. Qg3 Qxg3+ 34. Kxg3 gxf5 35. exf5 Bxf5 36. Bf4 d5 37. Bd6 Rc8 38. Ra5 c4 39. Rxd5 Bg6 40. Rc5 Rxc5 41. Bxc5 c3 42. Be3 c2 43. Ra1 Rc7 44. Kf2 Kf7 45. Ke2 Rd7 46. Ra3 Bh5+ 47. Kf2 Rc7 48. Ra1 Ke6 49. Bc1 Rd7 50. Ra6+ Kd5 51. Ke3 Re7+ 52. Kd2 Bg6 53. Kc3 Rc7+ 54. Kb2 Ke4 55. Ra3 Kd4 56. Be3+ Kd5 57. Bc1 Rb7+ 58. Rb3 Rf7 59. Rc3 Rf2 60. Ra3 Rg2 61. Rc3 Ke5 62. Rc5+ Kd4 63. Rc3 Re2 64. Ra3 Re6 65. Rb3 Rc6 66. Be3+ Ke5 67. Bc1 Be4 68. Rb5+ Ke6 69. Rb3 Kf5 70. Rc3 Rg6 71. Re3 Rg8 72. Rc3 Kg4 73. Re3 Bf5 74. Re1 Rb8+ 75. Kc3 Rd8 76. Re7 Rd1 77. Kb2 Rxc1 78. Kxc1 Kxg5 79. Kd2 h5 80. Rc7 Kf4 81. Rc3 h4 82. Ke2 Be4 83. Kf2 Bd3 84. Kg2 Bf5 85. Kh2 Ke5 86. Rxc2 Bxc2 87. Kh3 1/2-1/2

[Event "IND-ch Women 2019"]
[Site "Karaikkudi"]
[Date "2019.07.23"]
[Round "7.3"]
[White "Michelle Catherina, P."]
[Black "Nandhidhaa, P V"]
[Result "1/2-1/2"]
[ECO "B80"]
[WhiteElo "2226"]
[BlackElo "2259"]
[Annotator "ChessBase"]
[PlyCount "74"]
[EventDate "2019.07.19"]
[EventType "swiss"]
[EventCountry "IND"]
[SourceTitle "playchess.com"]
[Source "ChessBase"]
[SourceQuality "1"]
[TimeControl "40/5400+30:1800+30"]

1. e4 c5 2. Nf3 e6 3. d4 cxd4 4. Nxd4 Nc6 5. Nc3 Qc7 6. g3 a6 7. Bg2 d6 8. O-O Bd7 9. Re1 Be7 10. Nxc6 Bxc6 11. a4 Nf6 12. a5 O-O 13. Be3 Nd7 14. Na4 Bxa4 15. Rxa4 Rac8 16. c3 Ne5 17. Bf1 Qd7 18. Be2 Nc6 19. Bf4 Qc7 20. Qa1 Bd8 21. b4 Ne5 22. c4 Bf6 23. Qa2 Qc6 24. Bxe5 Bxe5 25. Bd3 Bd4 26. Ra3 Rfe8 27. Rd1 g6 28. Rb3 h5 29. Qd2 Be5 30. h4 Kg7 31. Rbb1 Qc7 32. Bf1 Qc6 33. Qd3 Red8 34. Qe3 Bf6 35. Be2 Be5 36. Bf1 Bf6 37. Be2 Be5 1/2-1/2

[Event "IND-ch Women 2019"]
[Site "Karaikkudi"]
[Date "2019.07.23"]
[Round "7.4"]
[White "Meenakshi Subbaraman"]
[Black "Swati Ghate"]
[Result "1-0"]
[ECO "E35"]
[WhiteElo "2163"]
[BlackElo "2192"]
[Annotator "ChessBase"]
[PlyCount "71"]
[EventDate "2019.07.19"]
[EventType "swiss"]
[EventCountry "IND"]
[SourceTitle "playchess.com"]
[Source "ChessBase"]
[SourceQuality "1"]
[TimeControl "40/5400+30:1800+30"]

1. d4 Nf6 2. c4 e6 3. Nc3 Bb4 4. Qc2 d5 5. cxd5 exd5 6. Bg5 h6 7. Bxf6 Qxf6 8. e3 O-O 9. a3 Bf5 10. Qb3 Bxc3+ 11. Qxc3 Nd7 12. Nf3 c5 13. Bb5 c4 14. Bxd7 Bxd7 15. O-O Qd6 16. Rfe1 b5 17. Ne5 Bf5 18. Qa5 Rfb8 19. Rac1 f6 20. Nf3 Rb6 21. h3 Bd3 22. Nd2 a6 23. Red1 b4 24. a4 Rc8 25. Nb3 Bg6 26. Nc5 Rcc6 27. Re1 c3 28. bxc3 b3 29. e4 b2 30. Rb1 dxe4 31. Re2 e3 32. Rbxb2 Rxb2 33. Rxb2 Qf4 34. Qd8+ Kh7 35. Nd7 Qc7 36. Nf8+ 1-0

[Event "IND-ch Women 2019"]
[Site "Karaikkudi"]
[Date "2019.07.23"]
[Round "7.5"]
[White "Harshita Guddanti"]
[Black "Srija, Seshadri"]
[Result "1/2-1/2"]
[ECO "C47"]
[WhiteElo "2078"]
[BlackElo "2306"]
[Annotator "ChessBase"]
[PlyCount "140"]
[EventDate "2019.07.19"]
[EventType "swiss"]
[EventCountry "IND"]
[SourceTitle "playchess.com"]
[Source "ChessBase"]
[SourceQuality "1"]
[TimeControl "40/5400+30:1800+30"]

1. e4 e5 2. Nf3 Nc6 3. Nc3 Nf6 4. g3 d5 5. exd5 Nxd5 6. Bg2 Nxc3 7. bxc3 Bc5 8. O-O O-O 9. Re1 Bg4 10. Qe2 Qd7 11. Qc4 Qf5 12. Qxc5 Bxf3 13. Bxf3 Qxf3 14. Rb1 Rab8 15. d4 b6 16. Qc4 Rfe8 17. Bb2 h5 18. Re3 Qf6 19. Qe2 Qf5 20. d5 Na5 21. c4 Qg4 22. Qxg4 hxg4 23. Re4 f5 24. Rxe5 Nxc4 25. Rxf5 Re2 26. Rf4 Nd2 27. Rc1 Rf8 28. Rxf8+ Kxf8 29. Bc3 Kf7 30. Kg2 Ne4 31. Be1 Nd2 32. Bxd2 Rxd2 33. c4 Rxa2 34. c5 Ra5 35. d6 c6 36. cxb6 axb6 37. Rxc6 Rb5 38. d7 Ke7 39. Rg6 Kxd7 40. Rxg7+ Kc6 41. Rxg4 Re5 42. Kf3 b5 43. Re4 Rh5 44. h4 Kc5 45. Kg4 Rh8 46. h5 b4 47. Re7 Rb8 48. h6 b3 49. h7 b2 50. Re1 Kc4 51. Kg5 Rb5+ 52. Kg4 Rb8 53. Kg5 Rb5+ 54. Kg4 Rb8 55. Rb1 Kc3 56. f4 Rh8 57. f5 Rxh7 58. f6 Kc2 59. Rxb2+ Kxb2 60. Kf5 Kc3 61. g4 Kd4 62. Ke6 Ke4 63. g5 Ra7 64. f7 Ra6+ 65. Ke7 Ra7+ 66. Kf6 Ra6+ 67. Kg7 Ra8 68. g6 Kf5 69. f8=Q+ Rxf8 70. Kxf8 Kxg6 1/2-1/2

[Event "IND-ch Women 2019"]
[Site "Karaikkudi"]
[Date "2019.07.23"]
[Round "7.6"]
[White "Gomes, Mary Ann"]
[Black "Priyanka Nutakki"]
[Result "1-0"]
[ECO "A14"]
[WhiteElo "2303"]
[BlackElo "2293"]
[Annotator "ChessBase"]
[PlyCount "83"]
[EventDate "2019.07.19"]
[EventType "swiss"]
[EventCountry "IND"]
[SourceTitle "playchess.com"]
[Source "ChessBase"]
[SourceQuality "1"]
[TimeControl "40/5400+30:1800+30"]

1. Nf3 d5 2. c4 e6 3. g3 Nf6 4. Bg2 Be7 5. O-O O-O 6. b3 d4 7. e3 c5 8. exd4 cxd4 9. Bb2 Nc6 10. Re1 Ne8 11. d3 f6 12. Na3 e5 13. Nc2 Nc7 14. Qe2 Be6 15. a3 a5 16. Rab1 Qd7 17. Ba1 Rfe8 18. b4 axb4 19. axb4 Ra2 20. b5 Nb4 21. Rb2 Rxb2 22. Bxb2 e4 23. Qxe4 Nxc2 24. Re2 Bd5 25. cxd5 Bc5 26. Rxc2 Rxe4 27. dxe4 Qxb5 28. Bf1 Qb6 29. Nxd4 Na6 30. Nb5 h5 31. e5 fxe5 32. Bxe5 Nb4 33. Rd2 Qg6 34. d6 Nc6 35. d7 Be7 36. Bc7 Qg5 37. Bc4+ Kh7 38. Rd5 Qc1+ 39. Bf1 Bd8 40. Bxd8 Nxd8 41. Rxh5+ Kg8 42. Re5 1-0

[Event "IND-ch Women 2019"]
[Site "Karaikkudi"]
[Date "2019.07.23"]
[Round "7.7"]
[White "Saranya, J."]
[Black "Divya Deshmukh"]
[Result "0-1"]
[ECO "B80"]
[WhiteElo "2067"]
[BlackElo "2373"]
[Annotator "ChessBase"]
[PlyCount "76"]
[EventDate "2019.07.19"]
[EventType "swiss"]
[EventCountry "IND"]
[SourceTitle "playchess.com"]
[Source "ChessBase"]
[SourceQuality "1"]
[TimeControl "40/5400+30:1800+30"]

1. e4 c5 2. Nf3 d6 3. d4 cxd4 4. Nxd4 Nf6 5. Nc3 a6 6. f3 e6 7. Be3 Qc7 8. Qd2 b5 9. g4 Bb7 10. O-O-O Nc6 11. Kb1 Be7 12. Bd3 Rc8 13. g5 Nd7 14. f4 Nc5 15. Nb3 b4 16. Ne2 a5 17. Ng3 a4 18. Nc1 a3 19. b3 Qa5 20. Nh5 O-O 21. Rhg1 Na7 22. Bc4 Nxe4 23. Qd4 e5 24. fxe5 dxe5 25. Qd7 Rc7 26. Qf5 Nc3+ 27. Ka1 Be4 28. Qg4 Bg6 29. Rdf1 Bc5 30. Bxc5 Qxc5 31. Nd3 Qd6 32. Ng3 e4 33. Qf4 Qd4 34. Qe5 Nc6 35. Qxd4 Nxd4 36. Nxb4 Rb7 37. Rd1 Rd8 38. Ne2 Nxd1 0-1